 Dungeon Crawl Stone Soup version 0.18-a0-1413-g4eaa9ac (webtiles) character file.

8004 BenSoosneb the Merchant of Misery (level 11, 0/68 HPs)
             Began as a Demonspawn Necromancer on Feb 25, 2016.
             Was a Believer of Kikubaaqudgha.
             Slain by a five-headed hydra (7 damage)
             ... on level 1 of the Lair of Beasts.
             The game lasted 00:57:20 (13885 turns).

BenSoosneb the Merchant of Misery (DsNe)           Turns: 13885, Time: 00:57:20

Health: 0/68       AC: 11    Str: 10    XL:     11   Next: 4%
Magic:  1/23       EV: 17    Int: 21    God:    Kikubaaqudgha [**....]
Gold:   520        SH:  0    Dex: 18    Spells: 8 memorised, 6 levels left

rFire  + . .     SeeInvis .     j - +1 flail (flame)
rCold  + . .     Gourm    .     t - +3 leather armour {rF+}
rNeg   . . .     Faith    .     (no shield)
rPois  .         Spirit   .     o - +1 hat
rElec  .         Dismiss  .     i - +0 cloak
rCorr  .         Reflect  .     y - +0 pair of gloves
SustAt .         Harm     .     (no boots)
MR     .....                    (no amulet)
Stlth  ++........               L - ring of wizardry
                                z - +5 ring of dexterity

@: not resistant to hostile enchantments, unstealthy
A: antennae 2, thin metallic scales 1, cold resistance 1, powered by death 2,
strong 1, freezing cloud immunity
a: Receive Corpses, Renounce Religion


You were on level 1 of the Lair of Beasts.
You worshipped Kikubaaqudgha.
Kikubaaqudgha was pleased with you.
You were full.

You visited 3 branches of the dungeon, and saw 12 of its levels.

You collected 520 gold pieces.

Inventory:

Hand Weapons
 j - a +1 flail of flaming (weapon)
Armour
 i - a +0 cloak (worn)
 o - a +1 hat (worn)
 t - a +3 leather armour of fire resistance (worn)
 y - a +0 pair of gloves (worn)
Magical Staves
 w - an uncursed staff of wizardry
 G - an uncursed staff of cold
Jewellery
 g - a +2 ring of strength
 q - an uncursed ring of flight
 s - an uncursed ring of stealth
 z - a +5 ring of dexterity (left hand)
 L - a ring of wizardry (right hand)
Wands
 d - a wand of random effects (9/48)
 e - a wand of digging (16/24)
 m - a wand of random effects (19/48)
 B - a wand of flame (10/48)
 F - a wand of random effects (18/48)
Scrolls
 h - 9 scrolls of remove curse
 n - a scroll of recharging
 v - a scroll of magic mapping
 I - a scroll of brand weapon
Potions
 f - 2 potions of cancellation
 k - a potion of flight
 l - a potion of brilliance
 x - a potion of ambrosia
 C - a potion of cure mutation {unknown}
 E - 2 potions of curing
 M - a potion of haste {unknown}
Books
 b - a book of Necromancy

   Spells                             Type                      Level
   a - Pain                           Necromancy                   1
   b - Animate Skeleton               Necromancy                   1
   c - Vampiric Draining              Necromancy                   3
   d - Regeneration                   Charms/Necromancy            3
   e - Animate Dead                   Necromancy                   4
   f - Control Undead                 Necromancy                   4
 p - a Grand Grimoire

   Spells                             Type                      Level
   a - Monstrous Menagerie            Summoning                    7
   b - Summon Greater Demon           Summoning                    7
   c - Malign Gateway                 Summoning/Translocation      7
   d - Summon Horrible Things         Summoning                    8
 r - a book of Clouds

   Spells                             Type                      Level
   a - Mephitic Cloud                 Conjuration/Poison/Air       3
   b - Conjure Flame                  Conjuration/Fire             3
   c - Poisonous Cloud                Conjuration/Poison/Air       6
   d - Freezing Cloud                 Conjuration/Ice/Air          6
   e - Ring of Flames                 Charms/Fire                  7
 D - a book of Debilitation

   Spells                             Type                      Level
   a - Corona                         Hexes                        1
   b - Slow                           Hexes                        2
   c - Gell's Gravitas                Hexes/Translocation          3
   d - Inner Flame                    Hexes/Fire                   3
   e - Cause Fear                     Hexes                        4
   f - Leda's Liquefaction            Hexes/Earth                  4
 H - Kikubaaqudgha's Handbook of Darkness
   (Kikubaaqudgha gifted it to you on level 8 of the Dungeon)

   Spells                             Type                      Level
   a - Pain                           Necromancy                   1
   b - Corpse Rot                     Necromancy                   2
   c - Sublimation of Blood           Necromancy                   2
   d - Vampiric Draining              Necromancy                   3
   e - Control Undead                 Necromancy                   4
 J - a book of Annihilations

   Spells                             Type                      Level
   a - Poison Arrow                   Conjuration/Poison           6
   b - Chain Lightning                Conjuration/Air              8
   c - Lehudib's Crystal Spear        Conjuration/Earth            8
   d - Glaciate                       Conjuration/Ice              9
   e - Fire Storm                     Conjuration/Fire             9
 K - a book of Unlife

   Spells                             Type                      Level
   a - Recall                         Summoning/Translocation      3
   b - Animate Dead                   Necromancy                   4
   c - Control Undead                 Necromancy                   4
   d - Cigotuvi's Embrace             Necromancy                   5
   e - Death Channel                  Necromancy                   6
   f - Simulacrum                     Ice/Necromancy               6
Comestibles
 a - 5 slices of pizza
 c - 3 bread rations
 A - 16 fruits


   Skills:
 * Level 8.5(8.6) Maces & Flails
 - Level 1.5(5.5) Staves
 - Level 7.5 Dodging
 - Level 1.7 Stealth
 - Level 8.0 Spellcasting
 - Level 10.1 Necromancy


You had 6 spell levels left.
You knew the following spells:

 Your Spells              Type           Power        Failure   Level  Hunger
a - Pain                  Necr           ####         1%          1    None
b - Animate Skeleton      Necr           N/A          1%          1    None
c - Vampiric Draining     Necr           ######....   1%          3    None
d - Animate Dead          Necr           N/A          1%          4    ###....
e - Control Undead        Necr           ######....   1%          4    ###....
f - Corpse Rot            Necr           N/A          1%          2    None
g - Sublimation of Blood  Necr           ######....   1%          2    None
h - Regeneration          Chrm/Necr      ####......   1%          3    None


Dungeon Overview and Level Annotations

Branches:
Dungeon (10/15)            Temple (1/1) D:7            Lair (1/8) D:8
    Orc: D:9-12

Altars:
Ashenzari
Cheibriados
Dithmenos
Elyvilon
Fedhas
Gozag
Kikubaaqudgha
Makhleb
Nemelex Xobeh
Okawaru
Pakellas
Qazlal
Ru
Sif Muna
Trog
Vehumet
Xom
Yredelemnul
Zin
The Shining One
Lugonu


Innate Abilities, Weirdness & Mutations

You have a pair of antennae on your head.
You are partially covered in thin metallic scales (AC +2).
Your flesh is cold resistant.
You regenerate health from kills.
You are immune to freezing clouds.
Your muscles are strong. (Str +2)


Message History

Aiming: Vampiric Draining
Press: ? - help, Shift-Dir - straight line, f/p - five-headed hydra
Aim: a five-headed hydra (heavily wounded)
The five-headed hydra is severely wounded.
You feel life coursing into your body.
The five-headed hydra bites you but does no damage. x2
The five-headed hydra bites you.
* * * LOW HITPOINT WARNING * * *
The five-headed hydra bites you.
* * * LOW HITPOINT WARNING * * *
The five-headed hydra barely misses you.
Casting: Vampiric Draining
Confirm with . or Enter, or press ? or * to list all spells.
Aiming: Vampiric Draining
Press: ? - help, Shift-Dir - straight line, f/p - five-headed hydra
Aim: a five-headed hydra (severely wounded)
The five-headed hydra is severely wounded.
You feel life coursing into your body. The five-headed hydra bites you!
You die...
Kikubaaqudgha rasps: "You have failed me!
Welcome... death!"

......P#.............P#### ###.
...................#### ##
..................##
............)......##
....................#
.............>....###### ######
.................###P#.###.##.###
##[............((................
###...........D@................
##....##.....####(...............
..#..######### ###P##########.#.
.....# ### #### ....## ....#
....# ...## ....


You could see a five-headed hydra.

Vanquished Creatures
  A hydra (D:8)
  A deep elf mage (D:8)
  Joseph (Lair:1)
  A troll (D:4)
  A two-headed ogre (D:9)
  2 yaks (D:8)
  2 hungry ghosts (D:7)
  2 hippogriffs
  Menkaure (D:6)
  Edmund (D:6)
  A water moccasin (Lair:1)
  Duvessa (D:6)
  A black bear (D:8)
  4 orc warriors
  2 ice beasts
  A sky beast (D:8)
  9 ogres
  A phantom (D:9)
  7 centaurs
  3 big kobolds (D:8)
  6 giant frogs
  Dowan (D:6)
  2 scorpions
  A wyvern skeleton (D:8)
  7 killer bees
  5 crimson imps
  A quasit (D:8)
  2 giant frog skeletons
  2 jellies
  An orc wizard (D:8)
  A wasp zombie (D:8)
  3 orc priests
  2 centaur skeletons
  3 gnoll shamans (D:8)
  7 hounds
  3 iguanas
  5 worker ants
  8 sheep
  A hound zombie (D:7)
  2 hound skeletons (D:8)
  5 adders
  17 gnolls
  2 river rats (D:5)
  A howler monkey skeleton (D:5)
  A shadow imp (D:5)
  3 oozes
  3 adder zombies
  2 adder skeletons (D:8)
  A worm (D:5)
  A dart slug (D:2)
  10 giant geckos
  16 orcs
  A ball python (D:3)
  6 bats
  5 giant cockroaches
  5 goblins
  2 hobgoblins
  5 jackals
  5 quokkas
  2 giant newts
  A jackal skeleton (D:7)
  7 kobolds
  2 quokka zombies (D:8)
  12 rats
  A plant (D:8)
222 creatures vanquished.

Vanquished Creatures (collateral kills)
  A big kobold (D:8)
  A giant frog (D:7)
  A killer bee (D:6)
  2 crimson imps
  A gnoll shaman (D:8)
  A giant frog skeleton (D:8)
  An adder (D:7)
  2 shadow imps (D:6)
  2 orcs (D:7)
  2 ball pythons
  A hobgoblin (D:2)
  A jackal (D:4)
  A kobold (D:2)
  A butterfly (D:7)
  2 plants (D:8)
20 creatures vanquished.

Vanquished Creatures (others)
  A wizard (D:6)
  6 fungi (D:8)
  3 plants (D:8)
10 creatures vanquished.

Grand Total: 252 creatures vanquished

Notes
Turn   | Place    | Note
--------------------------------------------------------------
     0 | D:1      | BenSoosneb the Demonspawn Necromancer began the quest for the Orb.
     0 | D:1      | Reached XP level 1. HP: 13/13 MP: 3/3
   266 | D:1      | Learned a level 1 spell: Animate Skeleton
   279 | D:1      | Gained mutation: You have a pair of small antennae on your head. [demonic ancestry]
   279 | D:1      | Reached XP level 2. HP: 13/19 MP: 0/5
   367 | D:1      | Reached skill level 5 in Necromancy
   986 | D:2      | Reached XP level 3. HP: 22/24 MP: 3/6
  1003 | D:2      | Learned a level 3 spell: Vampiric Draining
  1943 | D:3      | Gained mutation: Your flesh is cold resistant. [demonic ancestry]
  1943 | D:3      | Reached XP level 4. HP: 28/30 MP: 4/8
  2276 | D:3      | Noticed a giant frog
  2281 | D:3      | Killed a giant frog
  2281 | D:3      | Reached skill level 6 in Necromancy
  2281 | D:3      | Gained mutation: You are partially covered in thin metallic scales (AC +2). [demonic ancestry]
  2281 | D:3      | Reached XP level 5. HP: 31/35 MP: 4/9
  2431 | D:3      | Learned a level 4 spell: Animate Dead
  2543 | D:3      | Found a faded altar to an unknown god.
  2826 | D:4      | Reached skill level 7 in Necromancy
  2862 | D:4      | Found a bloodstained altar of Trog.
  2865 | D:4      | Noticed an ogre
  2886 | D:4      | Killed an ogre
  2886 | D:4      | Gained mutation: You regenerate a little health from kills. [demonic ancestry]
  2886 | D:4      | Reached XP level 6. HP: 33/41 MP: 1/10
  3063 | D:4      | Reached skill level 8 in Necromancy
  3094 | D:4      | Noticed a troll
  3339 | D:4      | Found a radiant altar of Vehumet.
  3339 | D:4      | Found an opulent altar of Gozag.
  3821 | D:4      | Killed a troll
  3821 | D:4      | Reached skill level 9 in Necromancy
  3821 | D:4      | Gained mutation: You have a pair of antennae on your head. [demonic ancestry]
  3821 | D:4      | Reached XP level 7. HP: 16/46 MP: 2/11
  4069 | D:5      | Entered Level 5 of the Dungeon
  4096 | D:5      | Found a burning altar of Makhleb.
  4096 | D:5      | Found a glowing silver altar of Zin.
  4099 | D:5      | Noticed an angel
  4099 | D:5      | Noticed an Executioner
  4787 | D:5      | Reached skill level 10 in Necromancy
  5256 | D:5      | Found a runed door.
  5604 | D:5      | Gained mutation: You regenerate health from kills. [demonic ancestry]
  5604 | D:5      | Reached XP level 8. HP: 49/52 MP: 13/13
  5773 | D:6      | Learned a level 4 spell: Control Undead
  5796 | D:6      | Found a bloodstained altar of Trog.
  5797 | D:6      | Noticed a wizard
  6317 | D:6      | Found a basalt altar of Yredelemnul.
  6732 | D:6      | Noticed Menkaure
  6736 | D:6      | Noticed Dowan
  6737 | D:6      | Noticed Duvessa
  6745 | D:6      | Your ally died
  6773 | D:6      | Killed Duvessa
  6773 | D:6      | Reached skill level 5 in Spellcasting
  6805 | D:6      | Killed Dowan
  6903 | D:6      | Noticed Edmund
  6935 | D:6      | Killed Edmund
  7325 | D:6      | Killed a wizard
  7800 | D:7      | Reached XP level 9. HP: 49/57 MP: 4/19
  7899 | D:7      | Found a staircase to the Ecumenical Temple.
  7909 | Temple   | Entered the Ecumenical Temple
  7925 | Temple   | Became a worshipper of Kikubaaqudgha
  8110 | D:7      | Gained mutation: Your muscles are strong. (Str +2) [potion of beneficial mutation]
  8259 | D:7      | Reached skill level 5 in Dodging
  8884 | D:8      | Reached skill level 1 in Staves
  9269 | D:8      | Reached skill level 1 in Maces & Flails
  9512 | D:8      | Noticed a deep elf mage
  9539 | D:8      | Killed a deep elf mage
  9539 | D:8      | Gained mutation: You are immune to freezing clouds. [demonic ancestry]
  9539 | D:8      | Reached XP level 10. HP: 22/63 MP: 1/22
  9647 | D:8      | Found an opulent altar of Gozag.
  9698 | D:8      | Reached * piety under Kikubaaqudgha
  9698 | D:8      | Received a gift from Kikubaaqudgha
  9701 | D:8      | Identified Kikubaaqudgha's Handbook of Darkness (Kikubaaqudgha gifted it to you on level 8 of the Dungeon)
  9705 | D:8      | Learned a level 2 spell: Corpse Rot
  9729 | D:8      | Found a snail-covered altar of Cheibriados.
  9798 | D:8      | Learned a level 2 spell: Sublimation of Blood
  9977 | D:8      | Noticed a three-headed hydra
 10362 | D:8      | Reached skill level 5 in Maces & Flails
 10580 | D:8      | Learned a level 3 spell: Regeneration
 11139 | D:8      | Reached ** piety under Kikubaaqudgha
 11579 | D:8      | Killed a three-headed hydra
 11835 | D:8      | Found a staircase to the Lair.
 12901 | D:9      | Found a shattered altar of Ashenzari.
 13075 | D:9      | Found a basalt altar of Yredelemnul.
 13081 | D:9      | Found an oddly glowing altar of Pakellas.
 13083 | D:9      | Found an iron altar of Okawaru.
 13086 | D:9      | Found a sparkling altar of Nemelex Xobeh.
 13151 | D:10     | Entered Level 10 of the Dungeon
 13207 | Lair:1   | Entered Level 1 of the Lair of Beasts
 13207 | Lair:1   | Noticed Joseph
 13214 | Lair:1   | HP: 1/63 [Joseph/sling bullet (20)]
 13440 | Lair:1   | Killed Joseph
 13440 | Lair:1   | Reached XP level 11. HP: 43/68 MP: 0/23
 13838 | Lair:1   | Noticed a five-headed hydra
 13885 | Lair:1   | Slain by a five-headed hydra

Vault maps used:
D:1:      eino_arrival_cavern_a
D:3:      first_bread, ecumenical_altar_1
D:4:      lemuel_round_altar, gammafunk_temple_overflow_wave
D:5:      grunt_temple_overflow_order_and_chaos_2, portal_sewer_entry_b,
          lightli_church_of_beogh
D:6:      basic_altar, trog_wizard, uniq_duvessa, uniq_edmund, uniq_menkaure
D:7:      minmay_temple_entry_butterflies
D:8:      kennysheep_seaside_town, cheibriados_altar_1, basic_altar,
          hangedman_ranch
D:9:      marbit_many_paths, minitemple
D:10:     lemuel_insect_pit, serial_shops, shop, minmay_misc_feat_iff
Temple:   corrupted_temple
Lair:1:   grunt_megastairs_2, uniq_joseph

Skill      XL: |  1  2  3  4  5  6  7  8  9 10 |
---------------+-------------------------------+-----
Necromancy     | 5 6 7 9 10 | 10.1
Spellcasting   | 3 6 8 |  8.0
Dodging        | 2 4 6 7 |  7.5
Staves         | 1 |  1.5
Maces & Flails | 3 8 |  8.5
Stealth        | |  1.7

Action                   |  1- 3 |  4- 6 |  7- 9 | 10-12 || total
-------------------------+-------+-------+-------+-------++-------
Melee: Unarmed           |     2 |       |       |       ||     2
       Club              |     1 |       |       |       ||     1
       Short sword       |     3 |    31 |   296 |       ||   330
       Staff             |       |       |   283 |       ||   283
       Flail             |       |       |    41 |   145 ||   186
 Cast: Pain              |    73 |    67 |   258 |   230 ||   628
       Animate Skeleton  |     2 |     1 |       |       ||     3
       Animate Dead      |       |     4 |    23 |    12 ||    39
       Vampiric Draining |       |     2 |     4 |    52 ||    58
       Control Undead    |       |       |     9 |     2 ||    11
       Sublimation of Bl |       |       |       |     2 ||     2
Evoke: Wand              |       |     6 |    14 |     4 ||    24
  Use: Scroll            |     8 |     5 |    11 |     2 ||    26
       Potion            |       |       |     8 |     4 ||    12
 Stab: Sleeping          |       |       |     1 |     2 ||     3
  Eat: Chunk             |     4 |     4 |     5 |     5 ||    18
       Pizza             |       |     1 |       |     2 ||     3
       Bread ration      |       |       |     3 |       ||     3
       Meat ration       |       |       |     1 |     2 ||     3
       Beef jerky        |       |       |     2 |       ||     2
       Royal jelly       |       |       |     1 |       ||     1
       Fruit             |       |       |     1 |       ||     1
